AoeStats
← Rjscarton

Black Forest

507971159Analyzed
4v4 RM · 12d ago on Sep 20, 2026· 44m 43s· 8 players
Game mode
Random Map
Map size
Large (8 player)
Population
200
Speed
Normal
Resources
Standard
Victory
Conquest
Starting age
Dark Age
Ending age
Imperial Age
RankedLock teamsTeams togetherTeam positionsShared explorationLock speedFull tech treeHidden civsTurbo modeCheats
Victory
Defeat
🇷🇴 Sicilians · Romania
938
+15
🇺🇸 Turks · United States
929
+15
🇪🇸 Khmer · Spain
862
+18
🇮🇳 Franks · India
861
+18
🇨🇱 Bengalis · Chile
929
-17
🇻🇳 Goths · Vietnam
916
-17
🇨🇳 Franks · China
911
-17
🇨🇳 Mongols · China
864
-15
Rjscarton
1:10 Loom
14:20 Feudal Age
19:28 Castle Age
18:26 Horse Collar
18:35 Double-Bit Axe
18:44 Gold Mining
18:47 Stone Mining
29:35 Wheelbarrow
28:46 Town Watch
30:18 Heavy Plow
30:43 Bow Saw
31:55 Gold Shaft Mining
32:10 Hand Cart
31:58 Town Patrol
36:21 Imperial Age
34:48 Padded Archer Armor
34:38 Fletching
37:00 Leather Archer Armor
36:40 Bodkin Arrow
38:29 Chemistry
37:49 Ballistics
37:11 Treadmill Crane
38:46 Bloodlines
38:37 Husbandry
37:59 Light Cavalry
39:15 Scale Barding Armor
40:35 Chain Barding Armor
泥工后勤大队长
12:17 Feudal Age
12:52 Double-Bit Axe
17:27 Horse Collar
17:56 Scale Mail Armor
17:59 Padded Archer Armor
17:49 Fletching
18:52 Gold Mining
21:13 Castle Age
20:44 Scale Barding Armor
20:50 Forging
21:20 Stone Mining
23:05 Husbandry
23:20 Bloodlines
28:37 Fortified Wall
28:22 Murder Holes
29:55 Bow Saw
32:53 Ballistics
32:34 Bodkin Arrow
32:54 Leather Archer Armor
33:39 Caravan
34:48 Wheelbarrow
34:28 Town Watch
36:28 Scale Barding Armor
37:13 Heavy Plow
39:22 Hand Cart
39:08 Town Patrol
38:58 Light Cavalry
43:47 Imperial Age
42:05 Murder Holes
ScottVector
0:32 Loom
12:21 Feudal Age
13:57 Wheelbarrow
13:09 Double-Bit Axe
13:05 Horse Collar
19:42 Castle Age
19:19 Stone Mining
19:21 Gold Mining
20:37 Bow Saw
20:29 Heavy Plow
24:06 Man-at-Arms
25:50 Pikeman
25:54 Long Swordsman
27:58 Stone Shaft Mining
29:07 Forging
28:57 Scale Mail Armor
30:31 Hand Cart
30:01 Town Watch
33:30 Imperial Age
33:26 Forging
33:16 Scale Mail Armor
33:27 Forging
33:17 Scale Mail Armor
33:27 Forging
33:24 Town Patrol
34:48 Squires
35:31 Iron Casting
35:11 Chain Mail Armor
35:32 Iron Casting
35:39 Capped Ram
36:27 Anarchy
38:21 Blast Furnace
37:04 Pikeman
38:36 Conscription
38:40 Halberdier
40:29 Theocracy
41:04 Elite Huskarl
磐石
0:27 Loom
14:46 Feudal Age
19:34 Castle Age
17:59 Double-Bit Axe
25:24 Forging
25:19 Scale Barding Armor
29:04 Wheelbarrow
28:47 Bow Saw
28:46 Caravan
32:55 Iron Casting
32:41 Chain Barding Armor
33:40 Hand Cart
36:58 Imperial Age
37:09 Gold Mining
37:14 Cavalier
38:37 Plate Barding Armor
39:02 Blast Furnace
39:55 Chemistry
38:48 Fletching
38:59 Padded Archer Armor
38:25 Elite Skirmisher
39:46 Paladin
41:07 Pikeman
41:33 Gambesons
41:57 Scale Mail Armor
marwenskio
1:21 Loom
13:24 Feudal Age
18:42 Castle Age
17:39 Horse Collar
17:48 Double-Bit Axe
18:01 Gold Mining
25:35 Imperial Age
25:00 Bow Saw
25:29 Gold Shaft Mining
26:37 Wheelbarrow
30:47 Hand Cart
33:21 Bloodlines
33:11 Husbandry
34:24 Stone Mining
34:43 Heavy Plow
36:07 Town Watch
swa-lmhwra
11:51 Feudal Age
16:47 Castle Age
15:05 Double-Bit Axe
20:32 Bow Saw
25:14 Gold Mining
25:17 Stone Mining
28:45 Gold Shaft Mining
32:15 Imperial Age
30:20 Forging
30:12 Scale Mail Armor
30:19 Scale Barding Armor
31:41 Iron Casting
31:23 Chain Mail Armor
32:04 Husbandry
32:27 Chain Barding Armor
32:58 Wheelbarrow
32:09 Loom
32:26 Cavalier
34:08 Blast Furnace
33:40 Plate Mail Armor
33:15 Squires
32:35 Pikeman
33:53 Conscription
35:09 Plate Barding Armor
35:40 Hand Cart
35:45 Paladin
38:47 Coinage
38:17 Caravan
KIK 9
12:55 Feudal Age
19:19 Castle Age
19:19 Horse Collar
19:27 Double-Bit Axe
19:39 Gold Mining
19:43 Stone Mining
20:59 Heavy Plow
26:35 Bow Saw
28:57 Wheelbarrow
33:16 Imperial Age
31:46 Ballistics
32:14 Hand Cart
33:50 Elite Ballista Elephant
34:52 Conscription
35:29 Double Crossbow
36:26 Crop Rotation
36:41 Gold Shaft Mining
37:01 Caravan
36:56 Fletching
37:07 Padded Archer Armor
37:13 Scale Barding Armor
38:13 Chemistry
37:25 Fortified Wall
39:30 Murder Holes
39:40 Siege Engineers
39:46 Masonry
39:36 Bodkin Arrow
39:57 Leather Archer Armor
40:03 Chain Barding Armor
39:35 Heavy Scorpion
TheOther
1:02 Loom
11:42 Feudal Age
12:58 Wheelbarrow
12:11 Double-Bit Axe
14:17 Horse Collar
18:34 Forging
23:24 Castle Age
23:24 Scale Mail Armor
25:30 Hand Cart
27:40 Pikeman
32:02 Heavy Plow
32:28 Bow Saw
36:46 Imperial Age
34:57 Gold Mining
34:59 Stone Mining
36:19 Iron Casting
36:00 Chain Mail Armor
36:53 First Crusade
37:53 Conscription
39:00 Hauberk
38:17 Elite Serjeant
39:34 Plate Mail Armor
40:30 Blast Furnace
42:51 Chemistry
42:12 Ballistics
42:24 Siege Engineers
Connection lost

Rejoining the realm…

Still unreachable

The connection could not be restored.

Session expired

The server has moved on; the page needs a fresh start.